[Event "German-ch Blitz Women 2022"]
[Site "Magdeburg"]
[Date "2022.08.13"]
[Round "15.8"]
[White "Nikolaeva, Mariya A"]
[Black "Kunze, Kerstin"]
[Result "1-0"]
[ECO "C68"]
[WhiteElo "1309"]
[BlackElo "2020"]
[Annotator "TA"]
[PlyCount "67"]
[EventDate "2022.08.10"]
[EventType "tourn"]
[EventCountry "GER"]
[SourceTitle "playchess.com"]
[Source "ChessBase"]
[SourceQuality "1"]
[TimeControl "180+2"]

1. e4 e5 2. Nf3 Nc6 3. Bb5 a6 4. Bxc6 dxc6 5. Nc3 Bg4 6. h3 Bxf3 7. Qxf3 Nf6 8. d3 Be7 {[%emt 0:00:08] C68: Ruy Lopez: Exchange Variation, sidelines.} 9. O-O O-O 10. Be3 {[%emt 0:00:03] [#]} Ne8 $146 {[%emt 0:00:34] The position is equal.} ({Predecessor:} 10... Qd7 11. Rfd1 Rad8 12. d4 exd4 13. Bxd4 Qc8 14. Be3 Rxd1+ 15. Rxd1 Rd8 16. e5 Rxd1+ 17. Nxd1 {0-1 (52) Tavakoli Garmase,M-Ghoreishi,S Chess.com INT 2021}) 11. Qe2 Bd6 12. Qg4 Nf6 13. Qh4 Be7 14. Qg3 Qd6 15. Ne2 Nh5 16. Qg4 Nf6 17. Qg3 Kh8 (17... Nh5 $5 18. Qh2 g6 $11) 18. f4 Nh5 19. Qg4 (19. fxe5 {feels hotter.} Nxg3 20. exd6 Nxe2+ 21. Kf2) 19... Nxf4 20. Nxf4 exf4 21. Rxf4 Bf6 22. Raf1 Bd4 23. Bxd4 Qxd4+ 24. Kh1 Kg8 25. b3 Qb2 26. R1f2 Qxa2 27. Qd7 Qa1+ $2 {[%emt 0:00:02] [#]} (27... f6 $1 $14) 28. Kh2 $2 ({White has to play} 28. Rf1 $18 Qe5 29. Rxf7) 28... Qe5 $17 29. d4 Qd6 30. Qg4 (30. Qxd6 $17 {is a better defense.} cxd6 31. Kg3) 30... Qxd4 $19 31. R2f3 Rad8 32. Rg3 Qe5 33. Rf5 Qd6 {[%emt 0:00:02] [#]} (33... Qa1 $17 34. e5 g6) 34. Qxg7# {[%emt 0:00:02] Weighted Error Value: White=0.34/Black=0.54} 1-0

[Event "German-ch Blitz Women 2022"]
[Site "Magdeburg"]
[Date "2022.08.13"]
[Round "15.9"]
[White "Zhou, Lepu Coco"]
[Black "Rath, Alina"]
[Result "1/2-1/2"]
[ECO "B56"]
[WhiteElo "1986"]
[BlackElo "2062"]
[Annotator "NA RC"]
[PlyCount "92"]
[EventDate "2022.08.10"]
[EventType "tourn"]
[EventCountry "GER"]
[SourceTitle "playchess.com"]
[Source "ChessBase"]
[SourceQuality "1"]
[TimeControl "180+2"]

1. e4 c5 2. Nf3 Nc6 3. d4 cxd4 4. Nxd4 Nf6 5. Nc3 d6 6. Bb5 Bd7 7. O-O g6 8. Nxc6 bxc6 9. Ba4 Qc7 10. Be3 Bg7 11. h3 O-O 12. Qd3 Rab8 13. Bb3 a5 14. Rad1 Bc8 15. Na4 c5 16. c4 Bb7 17. Nc3 Bc6 18. e5 dxe5 19. Bxc5 Rfd8 20. Qe3 Rxd1 21. Rxd1 e4 22. Nd5 Bxd5 23. cxd5 a4 24. Bxa4 Rxb2 25. Bb3 Ne8 26. Bd4 Bxd4 27. Qxd4 Re2 28. Kf1 Rc2 29. Bxc2 Qxc2 30. Rd2 Qb1+ 31. Ke2 Qb5+ 32. Ke3 Nd6 33. Kf4 Qb8 34. Qe5 f6 35. Qe6+ Kf8 36. Kg4 f5+ 37. Kh4 Nf7 38. g3 Qb4 39. Rc2 e3+ 40. f4 Kg7 41. Qc8 Qe4 42. Qc3+ e5 43. dxe6+ Kh6 44. Qf6 Nd6 45. Qg5+ Kg7 46. Qe7+ Kh6 1/2-1/2

[Event "German-ch Blitz Women 2022"]
[Site "Magdeburg"]
[Date "2022.08.13"]
[Round "15.10"]
[White "Muetsch, Annmarie"]
[Black "Skibbe, Diana"]
[Result "1-0"]
[ECO "C50"]
[WhiteElo "2249"]
[BlackElo "1943"]
[Annotator "TA"]
[PlyCount "61"]
[EventDate "2022.08.10"]
[EventType "tourn"]
[EventCountry "GER"]
[SourceTitle "playchess.com"]
[Source "ChessBase"]
[SourceQuality "1"]
[TimeControl "180+2"]

1. e4 e5 2. Nf3 Nc6 3. Bc4 Nf6 4. d3 Bc5 5. c3 d5 6. exd5 Nxd5 {[%emt 0:00:03] [#]} 7. Qb3 $1 Be6 {[%emt 0:00:26] C54: Giuoco Piano: 4 c3 Nf6, main lines with 5 d4 and 5 d3.} (7... O-O $16) 8. Qxb7 $18 O-O $2 (8... Nde7) 9. Qxc6 {[%emt 0:00:06] [#] White is clearly winning.} Bb6 $146 ({Predecessor:} 9... Qd6 10. Qxd6 Bxd6 11. O-O Nf6 12. Bxe6 fxe6 13. Nbd2 Nd7 14. Nc4 Nc5 15. Ncxe5 Bxe5 16. Nxe5 {1-0 (28) Johnson,J (2069)-Pillay,R (1312) Tromsoe 2014}) 10. O-O e4 11. dxe4 Ne7 12. Qa4 Bg4 13. Be2 Ng6 14. Be3 Bxe3 15. fxe3 Qe7 16. Qb4 c5 17. Qa4 Bd7 18. Qc2 Kh8 19. Nbd2 f5 20. Bd3 f4 21. Nc4 Bb5 22. Qe2 Rad8 23. b3 Qd7 24. Rad1 Qg4 25. h3 Qh5 26. a4 Ba6 27. Nb2 c4 28. Bxc4 Bxc4 29. Nxc4 fxe3 30. Rxd8 Rxd8 31. Qxe3 {[%emt 0:00:02] Black got outplayed after the opening.  Weighted Error Value: White=0.20 (precise) /Black=0.87} 1-0

[Event "German-ch Blitz Women 2022"]
[Site "Magdeburg"]
[Date "2022.08.13"]
[Round "15.11"]
[White "Daemering, Katrin"]
[Black "Braun, Kristin"]
[Result "1-0"]
[ECO "B77"]
[WhiteElo "1965"]
[BlackElo "1897"]
[Annotator "TA"]
[PlyCount "71"]
[EventDate "2022.08.10"]
[EventType "tourn"]
[EventCountry "GER"]
[SourceTitle "playchess.com"]
[Source "ChessBase"]
[SourceQuality "1"]
[TimeControl "180+2"]

1. e4 c5 2. Nf3 d6 3. d4 cxd4 4. Nxd4 Nf6 5. Nc3 g6 6. Be3 Bg7 7. f3 O-O 8. Qd2 Nc6 9. Bc4 Nxd4 10. Bxd4 Be6 11. Bxe6 fxe6 12. O-O a6 13. Rad1 {[%emt 0:00:03] B77: Sicilian Dragon: Yugoslav Attack, 9 Bc4 sidelines.} Rc8 14. a3 (14. Ne2 $11) 14... Qa5 $15 {[%emt 0:00:08] [#]} 15. Qf2 $146 {[%emt 0:00:03] [#] Black has an edge.} ({Predecessor:} 15. Rfe1 Nd7 16. Bxg7 Kxg7 17. Qd4+ Qe5 18. h3 Qxd4+ 19. Rxd4 Ne5 20. Kf2 Nc4 21. Rb1 {0-1 (71) Neuber,P (1744)-Felten,M (1979) Playchess.com INT 2020}) 15... Qh5 (15... Ng4 $1 $15 16. Qd2 Ne5) 16. Rd2 $2 {[%emt 0:00:14] [#]} (16. Rfe1 $11) 16... Rxc3 $2 17. Bxc3 {[%emt 0:00:22] [#]} (17. bxc3 $2 {[#] loses.} Nxe4 $1 18. Qe2 (18. g4 $2 Qa5 $19) 18... Nxd2 19. Qxd2 Qd5 $19) (17. Bxf6 $11 {was the only way to keep the balance.} Rc7 18. Bxg7 Kxg7 19. Re1) 17... Nxe4 $1 $17 {[%emt 0:00:01][%mdl 576] Pin, Double Attack} 18. Qe3 Nxd2 (18... Bxc3 $17 19. Re2 Be5) 19. Qxe6+ $11 Kh8 (19... Rf7 $11 20. Qc8+ Rf8 21. Qe6+ Rf7 22. Qc8+ Rf8 23. Qe6+) 20. Bxd2 (20. Qxe7 $14 Rg8 21. Bxd2) 20... Bf6 21. Re1 ({Better is} 21. c3 $11) 21... Qc5+ $15 22. Be3 Qxc2 23. b4 ({White should try} 23. b3) 23... Rc8 $2 (23... Qc3 $17 24. Bh6 Re8) 24. Rc1 $36 {[%emt 0:00:08][%mdl 2048] White fights for an advantage.} Qxc1+ 25. Bxc1 Rxc1+ {[%emt 0:00:00][%mdl 4096] Endgame KQ-KRB} 26. Kf2 {[%emt 0:00:02] Qd7 is the strong threat.} Rc2+ (26... Kg7 $11) 27. Kf1 (27. Kg3 $16) 27... Rc1+ 28. Ke2 {[%emt 0:00:04] Hoping for Qd7.} Ra1 $2 {[%emt 0:00:08][%mdl 8192] Loses the game.} ({Black should play} 28... Rc2+ $14 29. Kf1 Kg7) 29. Qf7 $18 h6 30. Qxg6 Rxa3 31. Qxh6+ Kg8 32. Qg6+ Kf8 33. Qe4 Ra2+ 34. Kf1 b5 35. Qa8+ Kf7 $2 (35... Kg7 36. Qc8 Kf7) 36. Qd5+ {[%emt 0:00:03] Weighted Error Value: White=0.58/Black=0.80} 1-0

[Event "German-ch Blitz Women 2022"]
[Site "Magdeburg"]
[Date "2022.08.13"]
[Round "16.1"]
[White "Paehtz, Elisabeth"]
[Black "Grabowski, Petra"]
[Result "0-1"]
[ECO "D02"]
[WhiteElo "2484"]
[BlackElo "1643"]
[Annotator "TA"]
[PlyCount "51"]
[EventDate "2022.08.10"]
[EventType "tourn"]
[EventCountry "GER"]
[SourceTitle "playchess.com"]
[Source "ChessBase"]
[SourceQuality "1"]
[TimeControl "180+2"]

1. d4 Nf6 2. Nf3 d5 3. Bf4 e6 4. e3 c5 5. c3 Bd6 6. Bg3 {[%emt 0:00:01] D02: 1 d4 d5 2 Nf3 sidelines, including 2...Nf6 3 g3 and 2...Nf6 3 Bf4.} Bxg3 7. hxg3 Nbd7 8. Nbd2 {[%emt 0:00:04] The position is equal.} b6 9. Bd3 Bb7 10. Qe2 Ne4 {[%emt 0:00:04] [#]} 11. Bxe4 $146 ({Predecessor:} 11. g4 Nxd2 12. Qxd2 c4 13. Bc2 Nf6 14. Ne5 Ne4 15. Bxe4 dxe4 16. Nxc4 Qd5 17. Na3 {0-1 (40) Risting,E (2345)-Foisor,S (2260) Chess.com INT 2019}) 11... dxe4 12. Ne5 Nxe5 13. dxe5 Qg5 14. Rh5 Qe7 (14... Qg6 $11) 15. O-O-O O-O-O 16. Rh4 Qc7 17. Qh5 (17. Nc4 $14) 17... g6 $11 18. Qg5 {[%emt 0:00:01] And now Nc4 would win.} Rd5 $2 {[%emt 0:00:13] [#]} (18... Qd7 $11) 19. c4 $2 (19. Nxe4 $2 Rxd1+ 20. Kxd1 Bxe4 21. Rxe4 Qd7+ 22. Ke2 h6 $19) (19. Nc4 $1 $18) 19... Rxe5 20. Qf6 Rd8 {[%emt 0:00:20] Threatens to win with ...Rf5.} 21. g4 {[%emt 0:00:01] Prevents Rf5.} h5 22. Nf1 hxg4 $2 (22... Rxd1+ $15 23. Kxd1 Qd8+ 24. Qxd8+ Kxd8) 23. Rxd8+ $18 {[%emt 0:00:02][%mdl 64] [#] Remove Defender} Qxd8 24. Rh8 {[%emt 0:00:01][%csl Gh8][%cal Rf6d8][%mdl 64] Pin} Rd5 25. cxd5 exd5 26. Qxd8# {[%emt 0:00:01][%mdl 32768] Weighted Error Value: White=0.26 (precise) /Black=0.70. Loss on time!?} 0-1

[Event "German-ch Blitz Women 2022"]
[Site "Magdeburg"]
[Date "2022.08.13"]
[Round "16.2"]
[White "Braun, Kristin"]
[Black "Khrapko, Marharyta"]
[Result "0-1"]
[ECO "B32"]
[WhiteElo "1897"]
[BlackElo "2128"]
[Annotator "TA"]
[PlyCount "42"]
[EventDate "2022.08.10"]
[EventType "tourn"]
[EventCountry "GER"]
[SourceTitle "playchess.com"]
[Source "ChessBase"]
[SourceQuality "1"]
[TimeControl "180+2"]

1. e4 c5 2. Nf3 Nc6 3. d4 cxd4 4. Nxd4 e5 5. Nb5 d6 6. c4 Be7 7. N1c3 a6 8. Na3 f5 9. exf5 Bxf5 10. Nd5 {[%emt 0:00:01] B32: Sicilian: Löwenthal and Kalashnikov Variations.} (10. Bd3 {feels stronger.} Be6 11. Nc2) 10... Nf6 $11 {[%emt 0:00:08] [#]} 11. Qf3 $146 {[%emt 0:00:26] [#]} (11. Bd3 $11 {and White is okay.} Be6 12. Nxe7 Qxe7 13. O-O) ({Predecessor:} 11. Be2 O-O 12. O-O Kh8 13. Be3 Nd7 14. Qd2 e4 15. Rad1 Bf6 16. Nxf6 Qxf6 17. Qxd6 Qxb2 {1-0 (49) Djokic,M (2129)-Schrik,R (2198) Chess.com INT 2021}) 11... Nd4 $19 12. Nxf6+ {[%emt 0:00:11] Black is clearly better.} Bxf6 13. Qxb7 (13. Qe3 {was called for.}) 13... O-O 14. Be3 $2 (14. c5 d5 15. Qb6) 14... Rb8 ({Worse is} 14... Qa5+ 15. Bd2 Qd8 16. Bc3 $17) 15. Qxa6 Rxb2 {[%emt 0:00:02] [#] Threatens to win with ...Bg5.} 16. Bxd4 exd4 17. Nb5 Qe7+ {[%emt 0:00:27] Black mates.} 18. Kd1 Qe4 19. Qa4 Bg5 {[%emt 0:00:10] This bishop pair is nice.} 20. Nxd6 Rd2+ 21. Kc1 Qe1+ {[%emt 0:00:02][%mdl 64] Skewer, Double Attack. White got outplayed after the opening.  Weighted Error Value: White=1.85/Black=0.23 (precise)} 0-1

[Event "German-ch Blitz Women 2022"]
[Site "Magdeburg"]
[Date "2022.08.13"]
[Round "16.3"]
[White "Skibbe, Diana"]
[Black "Daemering, Katrin"]
[Result "0-1"]
[ECO "B21"]
[WhiteElo "1943"]
[BlackElo "1965"]
[Annotator "TA"]
[PlyCount "20"]
[EventDate "2022.08.10"]
[EventType "tourn"]
[EventCountry "GER"]
[SourceTitle "playchess.com"]
[Source "ChessBase"]
[SourceQuality "1"]
[TimeControl "180+2"]

1. e4 c5 2. d4 cxd4 3. c3 dxc3 4. Nxc3 e6 5. Nf3 a6 6. Bc4 Qc7 7. Qe2 Nc6 8. O-O Nf6 {[%emt 0:00:01] [#]} (8... Bc5 $142) 9. a4 {[%emt 0:00:07] B21: Sicilian: 2 f4 and Morra Gambit.} ({Better is} 9. Nd5 $1 $11 Nxd5 (9... Qd8 10. Be3) 10. exd5) 9... Ng4 {[%emt 0:00:08][%cal Oc6d4] [#] ...Nd4! is the strong threat.} 10. Ba2 $146 {[%emt 0:00:19][%mdl 8192] [#]} (10. Qd2 $15) ({Predecessor:} 10. Rd1 Bc5 11. Be3 Nxe3 12. fxe3 O-O 13. Kh1 Ne5 14. Nxe5 Qxe5 15. Qg4 d5 16. exd5 exd5 17. Rxd5 Qxd5 18. Qxc8 Qxc4 {0-1 (18) Haddock,P (1623)-Cumming,R (2140) London 2015}) 10... Nd4 $1 {[%emt 0:00:07][%mdl 512] Weighted Error Value: White=2.48/Black=0.38} 0-1

[Event "German-ch Blitz Women 2022"]
[Site "Magdeburg"]
[Date "2022.08.13"]
[Round "16.4"]
[White "Rath, Alina"]
[Black "Muetsch, Annmarie"]
[Result "1-0"]
[ECO "A10"]
[WhiteElo "2062"]
[BlackElo "2249"]
[Annotator "TA"]
[PlyCount "85"]
[EventDate "2022.08.10"]
[EventType "tourn"]
[EventCountry "GER"]
[SourceTitle "playchess.com"]
[Source "ChessBase"]
[SourceQuality "1"]
[TimeControl "180+2"]

1. c4 d6 2. Nc3 e5 3. g3 Nd7 4. Bg2 f5 5. d3 Ngf6 6. e3 {A21: English Opening: 1...e5 2 Nc3.} Be7 7. Nge2 O-O 8. O-O {The position is equal.} c6 9. b4 Kh8 {[#]} 10. Rb1 $146 ({Predecessor:} 10. a4 g5 11. f4 Ng4 12. h3 Nh6 13. b5 Qc7 14. a5 a6 15. b6 Qd8 16. d4 e4 17. Bb2 g4 18. d5 Bf6 19. dxc6 Nc5 20. c7 {1-0 (20) Fruteau,P-Garnier Salvi,V Paris 1993}) 10... Nb6 11. a4 a5 $1 12. b5 c5 (12... d5 $11 {is superior.}) 13. f4 e4 14. dxe4 Nxc4 15. exf5 Bxf5 {[#]} 16. e4 $1 Be6 17. f5 Bf7 18. Nf4 Ne5 19. Bb2 Bc4 20. Re1 Qe8 (20... Bg8 $142) 21. Ncd5 $16 Bxd5 22. Nxd5 (22. exd5 $16 Nfd7 23. Ne6) 22... Rd8 $2 {Black cannot hold the game after this.} (22... Nxd5 $14 23. Qxd5 b6) 23. Nc7 $18 Qf7 24. Ne6 Nfg4 25. Nxd8 Rxd8 26. h3 Nf6 27. Bc3 Nh5 (27... b6 $142 28. Bf1 Qa2) 28. g4 Nf4 29. Bxa5 Rd7 (29... Rc8 $142 30. Bd2 Nxg2 31. Kxg2 c4) 30. Bc3 {aiming for Bxe5.} Qf6 (30... Bf6 {was worth a try.} 31. Bf1 Ned3) 31. Rf1 g5 (31... Nfd3 {might work better.} 32. a5 Qf8) 32. fxg6 hxg6 33. Qd2 g5 34. a5 Rd8 35. a6 b6 36. Ra1 Kg8 37. a7 Ra8 {[#]} 38. Rxf4 $1 Qxf4 (38... Qe6 39. Rf5) 39. Qd5+ Kh7 40. Bxe5 (40. Qxa8 $142 Nf3+ 41. Bxf3 Qe3+ 42. Kh2 Qxc3 43. Rf1) 40... Qxe5 41. Qxe5 ({Stronger than} 41. Qxa8 Qd4+ 42. Kh2 Qe5+ 43. Kg1 Qd4+ 44. Kh2 Qe5+ 45. Kg1 $11) 41... dxe5 42. Bf1 Bd6 43. Bc4 {Weighted Error Value: White=0.14 (very precise) /Black=0.61} 1-0

[Event "German-ch Blitz Women 2022"]
[Site "Magdeburg"]
[Date "2022.08.13"]
[Round "16.5"]
[White "Kunze, Kerstin"]
[Black "Zhou, Lepu Coco"]
[Result "1-0"]
[ECO "B40"]
[WhiteElo "2020"]
[BlackElo "1986"]
[Annotator "TA"]
[PlyCount "61"]
[EventDate "2022.08.10"]
[EventType "tourn"]
[EventCountry "GER"]
[SourceTitle "playchess.com"]
[Source "ChessBase"]
[SourceQuality "1"]
[TimeControl "180+2"]

1. e4 c5 2. Nf3 e6 3. c4 Nc6 4. Nc3 Nd4 5. d3 Ne7 6. Be3 {[%emt 0:00:04] B40: Sicilian: 2...e6, Unusual lines.} Nec6 7. Be2 g6 8. O-O {[%emt 0:00:31] The position is equal.} Bg7 9. Qd2 O-O 10. Bh6 a6 {[%emt 0:00:27][%cal Ba7a6,Ba6b5,Bb5b4][%mdl 32] [#]} 11. Rab1 $146 ({Predecessor:} 11. Bxg7 Kxg7 12. Nxd4 Nxd4 13. Qf4 b5 14. Bg4 d6 15. e5 b4 16. Ne2 h5 17. Nxd4 hxg4 {0-1 (56) Heck,R (1534)-Alves,A (1867) Guarapari 2017}) 11... b5 12. cxb5 axb5 13. b3 $2 (13. Bxg7 $15 Kxg7 14. b4) 13... b4 $19 14. Bxg7 Kxg7 (14... bxc3 $19 {and Black stays clearly on top.} 15. Nxd4 cxd2 16. Nxc6 Qc7 17. Bxf8 Kxf8) 15. Na4 d6 16. Qb2 (16. Rbe1 $17 {was called for.}) 16... Qf6 (16... Ba6 $19 {aiming for ...e5.} 17. e5 Bb5 18. exd6 Qxd6) 17. Nxd4 (17. e5 $17 dxe5 18. Nxc5) 17... Nxd4 18. Bd1 Ba6 19. Bc2 (19. Qd2 $17) 19... Bb5 20. Nb6 Ra7 21. Nc4 $2 (21. Kh1) 21... d5 22. exd5 (22. e5 $142 Qf4 23. Ne3) 22... exd5 {[%emt 0:00:01] [#] Hoping for ...Rfa8.} 23. Ne3 Ne2+ 24. Kh1 Nc3 25. Rbe1 Rxa2 26. Qc1 Rfa8 {[%emt 0:00:21] Threatens to win with ...Qf4.} 27. Ng4 Qd6 (27... Qh4 $2 28. Ne5 $19) 28. Qh6+ Kg8 29. Re3 $2 (29. Qc1) 29... Qf8 $4 {[%emt 0:00:01][%mdl 8192] [#]} ({But not} 29... Rxc2 $2 30. Rh3 Re8 31. Qxh7+ Kf8 32. Nh6 $19) (29... Ra1 $19 30. Bb1 f5) 30. Nf6+ Kh8 31. Qxh7# {White used his chance.  Weighted Error Value: White=0.83/Black=0.83} 1-0

[Event "German-ch Blitz Women 2022"]
[Site "Magdeburg"]
[Date "2022.08.13"]
[Round "16.6"]
[White "Doll, Rebecca"]
[Black "Nikolaeva, Mariya A"]
[Result "1-0"]
[ECO "C77"]
[WhiteElo "1933"]
[BlackElo "1309"]
[Annotator "TA"]
[PlyCount "81"]
[EventDate "2022.08.10"]
[EventType "tourn"]
[EventCountry "GER"]
[SourceTitle "playchess.com"]
[Source "ChessBase"]
[SourceQuality "1"]
[TimeControl "180+2"]

1. e4 e5 2. Nf3 Nc6 3. Bb5 a6 4. Ba4 Nf6 5. d3 b5 6. Bb3 Bc5 7. O-O d6 8. c3 {C78: Ruy Lopez: Archangelsk and Möller Defences.} Ba7 {8...h6 is the modern continuation.} 9. Nbd2 O-O 10. h3 {The position is equal.} h6 11. Re1 Na5 (11... Ne7 {is interesting.} 12. Nf1 Ng6 13. a4 Bd7) 12. Bc2 c5 13. Nf1 {[#]} Nb7 $146 ({Predecessor:} 13... Nc6 14. Ng3 Re8 15. Nh2 d5 16. Qf3 dxe4 17. dxe4 c4 18. Ng4 Nxg4 19. hxg4 Qh4 {½-½ (44) Atabayev,Y (2407)-Annageldyev,O (2397) Budapest 2013}) 14. Ng3 Be6 15. d4 cxd4 16. cxd4 Qc7 17. Be3 Na5 18. b3 {Inhibits Nc4.} exd4 19. Nxd4 Qe7 {Black is now going downhill.} (19... Nc6 $142) 20. Ndf5 (20. Ngf5 $16 Qd8 21. Rc1) 20... Bxf5 $18 21. Nxf5 Qc7 (21... Qe5 {was worth a try.} 22. Qxd6 Qxd6 23. Nxd6 Nc6) 22. Rc1 Bxe3 (22... Qd8 $142 23. Bf4 (23. Qxd6 Bxe3 24. Rxe3 Qxd6 $18) 23... Bc5 24. Bxd6 Bxd6) 23. Rxe3 ({Weaker is} 23. Nxe3 Nc6 $16) 23... Rad8 24. Rg3 Ne8 25. Nxh6+ Kh8 26. Qh5 Nf6 27. Nxf7+ Kg8 28. Qh8+ Kxf7 29. Qxg7+ Ke6 30. Qxc7 {[#] White wants to mate with e5.} Rd7 31. Qc3 Ke7 32. Qxa5 (32. e5 $142 Ne8 33. Qxa5 dxe5 34. Re1 Rd5 35. Qxa6 Rf6 36. Qb7+ Ke6 37. Qc6+ Nd6 38. Rg8) 32... Nh5 33. Rg5 Nf4 34. Kh2 {[#] Strongly threatening Rg7+.} Rf7 {Prevents Rg7.} 35. Qd2 Ne6 36. Rg4 {Rg6 would kill now.} Rd8 37. b4 {White mates.} Rdf8 38. f3 Nf4 39. Bb3 Rf6 40. Rg7+ Kd8 41. Qc2 {Weighted Error Value: White=0.08 (flawless) /Black=0.94} 1-0

[Event "German-ch Blitz Women 2022"]
[Site "Magdeburg"]
[Date "2022.08.13"]
[Round "16.7"]
[White "Wulf, Constanze"]
[Black "Schulze, Lara"]
[Result "0-1"]
[ECO "A06"]
[WhiteElo "1835"]
[BlackElo "2292"]
[Annotator "TA"]
[PlyCount "36"]
[EventDate "2022.08.10"]
[EventType "tourn"]
[EventCountry "GER"]
[SourceTitle "playchess.com"]
[Source "ChessBase"]
[SourceQuality "1"]
[TimeControl "180+2"]

1. Nf3 d5 2. b3 Bg4 3. e3 Nf6 4. Bb2 Nbd7 5. h3 Bh5 6. Be2 e6 7. O-O {[%emt 0:00:07] A06: Réti Opening: 1 Nf3 d5.} Bd6 8. d3 O-O 9. Nbd2 {[%emt 0:00:07] The position is equal.} e5 10. c4 c6 11. Rc1 Re8 12. Re1 (12. cxd5 $11 Nxd5 13. g3) 12... Qe7 {[%emt 0:00:20] [#]} (12... e4 $1 $15 13. dxe4 dxe4) 13. Qc2 $146 ({Predecessor:} 13. Nf1 Ba3 14. Bxa3 Qxa3 15. Qc2 h6 16. Ng3 Bg6 17. Nh4 Bh7 18. Nhf5 Qf8 19. c5 {½-½ (41) Reynolds,R (1755)-Blake,N ICCF email 2017}) 13... h6 14. Nf1 Bg6 15. Ng3 e4 {[%emt 0:00:05] [#] aiming for ...Bxg3.} 16. dxe4 Bxg3 ({Don't play} 16... dxe4 17. Nh4 $11) 17. fxg3 Nxe4 (17... Bxe4 $15 18. Qc3 dxc4) 18. Bd3 (18. cxd5 $11 cxd5 19. Qc7) 18... Ndc5 {[%emt 0:00:04] Weighted Error Value: White=0.23 (precise) /Black=0.21 (precise)} 0-1

[Event "German-ch Blitz Women 2022"]
[Site "Magdeburg"]
[Date "2022.08.13"]
[Round "16.8"]
[White "Stangl, Anita"]
[Black "Melamed, Tatjana"]
[Result "0-1"]
[ECO "B08"]
[WhiteElo "2023"]
[BlackElo "2380"]
[Annotator "TA"]
[PlyCount "88"]
[EventDate "2022.08.10"]
[EventType "tourn"]
[EventCountry "GER"]
[SourceTitle "playchess.com"]
[Source "ChessBase"]
[SourceQuality "1"]
[TimeControl "180+2"]

1. e4 Nf6 2. Nc3 d6 3. d4 g6 4. Nf3 Bg7 5. Bg5 O-O 6. Qd2 Nc6 7. O-O-O Bg4 8. Bh6 (8. Qe3 $14) 8... Bxf3 {[%emt 0:00:12] B08: Pirc Defence: Classical System.} 9. gxf3 e5 10. Bxg7 Kxg7 {[%emt 0:00:02] The position is equal.} 11. d5 Nd4 12. f4 $1 Nh5 {[%emt 0:00:05] Pair of Knights!} 13. f5 {[%emt 0:00:06] [#]} ({Better is} 13. fxe5 $11 dxe5 14. Qe3) 13... Qh4 $146 {[%emt 0:00:05][%mdl 2048] Black is on the roll.} (13... gxf5 14. Rg1+ Kh8 15. Qh6 $14) ({Predecessor:} 13... Nf4 14. Ne2 Ndxe2+ 15. Bxe2 Qg5 16. Kb1 Qh4 17. f3 Qf2 18. Rde1 gxf5 19. exf5 Kf6 {1-0 (53) Gutierrez Nevado,J-Garcia Gonzalez,F Oviedo 2004}) 14. Bd3 Qf4 {[%emt 0:00:03] Black is more active.} (14... Nf4 $17) 15. Nb5 ({White should play} 15. Qe3 $15) 15... Nxb5 $19 (15... gxf5 16. Nxd4 exd4 17. exf5 $11) 16. Qxf4 Nxf4 17. Bxb5 gxf5 18. exf5 Kf6 19. h4 Rg8 (19... Kxf5 20. Ba4) 20. Rdg1 (20. Bd3 $142) 20... Nxd5 21. Kd2 Nf4 (21... Kxf5 22. Bd3+ e4 23. Bc4 $19) 22. Ke3 c6 (22... Kxf5 $2 23. Bd3+ Nxd3 24. cxd3 $19) 23. Bf1 d5 ({Not} 23... Kxf5 $2 24. Bd3+ Nxd3 25. cxd3 $19) 24. c3 Kxf5 25. b4 Rg6 26. Rxg6 (26. h5 $142 Rgg8 27. h6) 26... hxg6 {[%emt 0:00:01][%mdl 4096] Endgame KRB-KRN} (26... Kxg6 $2 {is the wrong capture.} 27. Rg1+ Kf6 28. a3 $19) (26... fxg6 $2 {loses.} 27. a3 $19) 27. Rg1 Rh8 28. Rg5+ Kf6 29. Rg4 Ne6 30. b5 Rh5 31. bxc6 $2 {[%emt 0:00:02] [#]} (31. Ra4 {was necessary.}) 31... bxc6 32. Ra4 c5 33. Rxa7 d4+ 34. Kd3 (34. cxd4 $142 cxd4+ 35. Kf3) 34... Rxh4 35. cxd4 Rxd4+ 36. Kc3 Rf4 37. a4 Rxf2 38. Bc4 Rf3+ 39. Kd2 Ra3 40. a5 (40. Kc2 $142 g5 41. Kb2) 40... e4 41. a6 Nd4 (41... e3+ $142 42. Ke1 Nd4 43. Rxf7+ Kg5) 42. Rxf7+ Ke5 {[%emt 0:00:01] White must now prevent ...e3+.} 43. a7 (43. Re7+ $142 Kf4 44. a7) 43... e3+ 44. Kd1 {[%emt 0:00:07] [#]} (44. Kc1 $19 Nc6 45. Rc7) 44... Ra1# {[%emt 0:00:03] White got outplayed after the opening.  Weighted Error Value: White=0.53/Black=0.27 (precise)} 0-1